 Dungeon Crawl Stone Soup version 0.25-a0-513-ge77a69270c (webtiles) character file.

Game seed: 7264194427739220850, levelgen mode: deterministic

276 RedPan the Chopper (level 6, -2/79 HPs)
             Began as a Gnoll Wanderer on Feb 16, 2020.
             Killed from afar by an orc wizard (9 damage)
             ... with a puff of flame
             ... on level 4 of the Dungeon.
             The game lasted 00:07:51 (3937 turns).

RedPan the Chopper (Gnoll Wanderer)                 Turns: 3937, Time: 00:07:52

Health: -2/79      AC: 26    Str: 19    XL:     6   Next: 25%
Magic:  8/8        EV:  2    Int: 13    God:
Gold:   136        SH:  0    Dex: 13    Spells: 8/8 levels left

rFire    . . .     SeeInvis .   n - +3 falchion
rCold    . . .     Gourm    .   (no shield)
rNeg     + + +     Faith    .   (armour currently unavailable)
rPois    +         Spirit   .   (helmet currently unavailable)
rElec    .         Reflect  .   (cloak currently unavailable)
rCorr    .         Harm     .   (gloves currently unavailable)
MR       +....     NoTele   +   (boots currently unavailable)
Stlth    ++........             (no amulet)
HPRegen  0.23/turn              k - ring of protection from magic
MPRegen  0.11/turn              h - +3 ring of protection

@: tree-form (expiring), very slightly contaminated
A: distributed training, strong nose
a: no special abilities


You were on level 4 of the Dungeon.
You were hungry.
You were a tree.
You visited 1 branch of the dungeon, and saw 4 of its levels.

You collected 136 gold pieces.

Inventory:

Hand Weapons
 a - a +2 hand axe
 m - a +0 war axe
 n - a +3 falchion (weapon)
Armour
 q - a +0 chain mail (melded)
Jewellery
 h - a +3 ring of protection (right branch)
 k - a ring of protection from magic (left branch)
Scrolls
 i - a scroll of remove curse
 j - a scroll of enchant armour
 l - a scroll of amnesia
Potions
 b - 2 potions of lignification
 f - a potion of might
Comestibles
 d - 4 rations


   Skills:
 + Level 6.8 Fighting
 + Level 1.8 Short Blades
 + Level 1.8 Long Blades
 + Level 6.8 Axes
 + Level 1.8 Maces & Flails
 + Level 3.1 Polearms
 + Level 1.8 Staves
 + Level 1.8 Slings
 + Level 1.8 Bows
 + Level 1.8 Crossbows
 + Level 3.1 Throwing
 + Level 1.8 Armour
 + Level 1.8 Dodging
 + Level 3.0 Stealth
 + Level 3.1 Shields
 + Level 1.8 Unarmed Combat
 + Level 1.8 Spellcasting
 + Level 1.4 Conjurations
 + Level 1.4 Hexes
 + Level 1.4 Charms
 + Level 1.4 Summonings
 + Level 1.4 Necromancy
 + Level 1.4 Translocations
 + Level 1.4 Transmutations
 + Level 1.4 Fire Magic
 + Level 1.4 Ice Magic
 + Level 1.4 Air Magic
 + Level 1.4 Earth Magic
 + Level 1.4 Poison Magic
 + Level 2.0 Invocations
 + Level 1.8 Evocations


You had 8 spell levels left.
You didn't know any spells.
Your spell library was empty.

Dungeon Overview and Level Annotations

Branches:
Dungeon (4/15)
 Temple: D:4-7

Altars:
Elyvilon

Annotations:
D:4 Blork the orc


Innate Abilities, Weirdness & Mutations

Your experience applies equally to all skills.
((You have very sharp teeth.))
Your uncanny sense of smell can sniff out nearby items.


Message History

Blork the orc mumbles some strange words.
Blork the orc seems to speed up.
You closely miss the orc wizard.
The orc wizard is moderately wounded.
The jackal bites you but does no damage. x2
The jackal completely misses you.
You riposte.
You barely miss the jackal.
The orc wizard hits you but does no damage.
The jackal bites you but does no damage.
The jackal bites you.
* * * LOW HITPOINT WARNING * * *
You hit the orc wizard.
The orc wizard is severely wounded.
The jackal barely misses you.
The orc wizard points at you and mumbles some strange words.
The puff of flame hits you but does no damage.
The jackal completely misses you.
The jackal bites you but does no damage. x2
The orc wizard gestures at you while chanting.
The puff of flame hits you!
You die...

.# .. #...##.# .....
#....$.+ #.
#.##..(...####.
..###.###.............
........##............
......................
.....#.#†............
... #####)oh........ .
#####)♣h........
#......h........
##.#....o..........#
.#....................
................[.....
..
##.#..................
...
###.........?........
....
###..............$#
....#
#...............#


You could see Blork the orc, an orc wizard and 3 jackals.

Vanquished Creatures
  3 orc priests
  2 orc wizards (D:4)
  A worker ant (D:4)
  An adder (D:3)
  5 worms
  2 dart slugs
  3 leopard geckos
  9 orcs
  A ball python (D:3)
  5 bats
  8 giant cockroaches
  7 goblins
  2 hobgoblins
  4 jackals (D:2)
  A quokka (D:3)
  5 frilled lizards
  8 kobolds
  6 rats
73 creatures vanquished.

Notes
Turn   | Place    | Note
-------+----------+-------------------------------------------
     0 | D:1      | RedPan the Gnoll Wanderer began the quest for the Orb.
     0 | D:1      | RedPan set off with the following items: a +2 hand axe, 2
                  | potions of lignification, a +0 robe, a ration
     0 | D:1      | Reached XP level 1. HP: 23/23 MP: 1/1
   290 | D:1      | Reached XP level 2. HP: 29/29 MP: 2/2
   740 | D:2      | Reached XP level 3. HP: 33/35 MP: 3/3
  1135 | D:2      | Reached skill level 1 in Invocations
  1653 | D:2      | Reached skill level 1 in Short Blades
  1653 | D:2      | Reached skill level 1 in Long Blades
  1653 | D:2      | Reached skill level 1 in Maces & Flails
  1653 | D:2      | Reached skill level 1 in Staves
  1653 | D:2      | Reached skill level 1 in Slings
  1653 | D:2      | Reached skill level 1 in Bows
  1653 | D:2      | Reached skill level 1 in Crossbows
  1653 | D:2      | Reached skill level 1 in Armour
  1653 | D:2      | Reached skill level 1 in Dodging
  1653 | D:2      | Reached skill level 1 in Unarmed Combat
  1653 | D:2      | Reached skill level 1 in Spellcasting
  1653 | D:2      | Reached skill level 1 in Evocations
  1804 | D:3      | Reached XP level 4. HP: 41/41 MP: 5/5
  2206 | D:3      | Found a white marble altar of Elyvilon.
  2683 | D:3      | Reached skill level 1 in Conjurations
  2683 | D:3      | Reached skill level 1 in Hexes
  2683 | D:3      | Reached skill level 1 in Charms
  2683 | D:3      | Reached skill level 1 in Summonings
  2683 | D:3      | Reached skill level 1 in Necromancy
  2683 | D:3      | Reached skill level 1 in Translocations
  2683 | D:3      | Reached skill level 1 in Transmutations
  2683 | D:3      | Reached skill level 1 in Fire Magic
  2683 | D:3      | Reached skill level 1 in Ice Magic
  2683 | D:3      | Reached skill level 1 in Air Magic
  2683 | D:3      | Reached skill level 1 in Earth Magic
  2683 | D:3      | Reached skill level 1 in Poison Magic
  3024 | D:4      | Noticed Blork the orc
  3611 | D:3      | Reached XP level 5. HP: 40/47 MP: 5/7
  3905 | D:4      | HP: 1/70 [orc priest/divine providence (13)]
  3912 | D:4      | Reached XP level 6. HP: 13/53 MP: 8/8
  3937 | D:4      | Killed from afar by an orc wizard

Levels and vault maps discovered:
D:1:      erik_arrival_triangle_large, layout_basic, chequers_garden
D:2:      layout_basic
D:3:      minmay_chambers_of_twos, layout_basic, mrwooster_statue_mirror,
          elyvilon_altar_5
D:4:      layout_cave_pools, xom_butterflies, minmay_temple_entry_ruins,
          serial_shops, kennysheep_mini, shop, uniq_blork_the_orc

Skill      XL: |  1  2  3  4  5  6 |
---------------+-------------------+-----
Invocations    | 1 2 |  2.0
Short Blades   | 1 |  1.8
Long Blades    | 1 |  1.8
Maces & Flails | 1 |  1.8
Staves         | 1 |  1.8
Slings         | 1 |  1.8
Bows           | 1 |  1.8
Crossbows      | 1 |  1.8
Armour         | 1 |  1.8
Dodging        | 1 |  1.8
Unarmed Combat | 1 |  1.8
Spellcasting   | 1 |  1.8
Evocations     | 1 |  1.8
Conjurations   | 1 |  1.4
Hexes          | 1 |  1.4
Charms         | 1 |  1.4
Summonings     | 1 |  1.4
Necromancy     | 1 |  1.4
Translocations | 1 |  1.4
Transmutations | 1 |  1.4
Fire Magic     | 1 |  1.4
Ice Magic      | 1 |  1.4
Air Magic      | 1 |  1.4
Earth Magic    | 1 |  1.4
Poison Magic   | 1 |  1.4
Polearms       | 3 |  3.1
Throwing       | 3 |  3.1
Shields        | 3 |  3.1
Stealth        | 3 |  3.0
Fighting       | |  6.8
Axes           | |  6.8

Action                   |  1- 3 |  4- 6 || total
-------------------------+-------+-------++-------
Melee: Hand axe          |   110 |    84 ||   194
       Bite              |     8 |     4 ||    12
       Punch             |     1 |     1 ||     2
       Falchion          |       |    44 ||    44
  Use: Scroll            |     3 |     2 ||     5
       Potion            |       |     4 ||     4
 Stab: Sleeping          |     3 |     3 ||     6
       Invisible         |       |     2 ||     2
  Eat: Chunk             |     3 |     6 ||     9
Armor: Robe              |     6 |       ||     6
       Ring mail         |    29 |    30 ||    59
       Chain mail        |       |    19 ||    19
       Skin              |       |    81 ||    81
Dodge: Dodged            |    43 |    56 ||    99
       Rpst.: Falchion   |       |     3 ||     3

Table legend:
 A = Non-vault XP
 B = Vault XP
 C = Vault XP percentage of total XP
 D = Non-vault monster count
 E = Vault monster count
 F = Vault count percentage of total count
                 A         B        C        D         E       F
            +---------+---------+-------+---------+---------+-------
      Total |     376 |      19 |   4.8 |      65 |       8 |  11.0
            +---------+---------+-------+---------+---------+-------
        D:1 |      16 |       0 |   0.0 |      10 |       0 |   0.0
        D:2 |      61 |       0 |   0.0 |      28 |       0 |   0.0
        D:3 |     136 |      19 |  12.3 |      19 |       8 |  29.6
        D:4 |     163 |       0 |   0.0 |       8 |       0 |   0.0
            +---------+---------+-------+---------+---------+-------
